Map: Efflorescence LE

Players

BFG

  • Race: Zerg Zerg
  • League: Diamond
  • Spawn Location: 3:00

Roland

  • Race: Zerg Zerg
  • Spawn Location: 12:00

Massa - Winner!

  • Race: Terran Terran
  • League: Platinum
  • Spawn Location: 6:00

qqq - Winner!

  • Race: Zerg Zerg
  • Spawn Location: 9:00

VOD

Have the link to the VOD?

Description

Time

  • Played on: Oct. 30, 2020, 3:55 p.m.
  • Length: 9:35
Show
View Real Time Build Order
Export as new Build Order

BFG Zerg 

Build Orders: Hatch First 

Get SALT Encoding   

  12  0:02  Drone  
  13  0:13  Overlord  
  13  0:17  Drone  
  14  0:31  Drone  
  14  0:32  Drone  
  16  0:51  Hatchery  
  16  0:54  Drone  
  16  0:58  Drone  
  16  1:01  Drone  
  18  1:11  Extractor  
  18  1:17  Spawning Pool  
  16  1:19  Drone  
  16  1:23  Drone  
  18  1:29  Drone  
  19  1:40  Drone  
  20  1:50  Overlord  
  20  2:01  Drone  
  21  2:19  Queen  
  21  2:22  Queen  
  25  2:23  Drone x2  
  25  2:25  Metabolic Boost  
  27  2:31  Drone x2  
  27  2:34  Drone  
  30  2:40  Baneling Nest  
  29  2:50  Drone  
  30  2:52  Drone  
  30  2:58  Hatchery  
  30  3:02  Overlord  
  30  3:03  Overlord  
  30  3:07  Zergling x4  
  32  3:13  Zergling x2  
  32  3:17  Overlord  
  33  3:20  Zergling x2  
  34  3:36  Zergling x10  
  34  3:37  Zergling x2  
  40  3:41  Drone  
  40  3:43  Drone x3  
  44  3:53  Zergling x2  
  45  3:56  Drone  
  47  4:02  Drone  
  47  4:04  Extractor  
  47  4:08  Drone  
  47  4:10  Drone x2  
  47  4:11  Drone  
  47  4:14  Lair  
  47  4:15  Drone  
  47  4:16  Drone x2  
  53  4:18  Drone, Queen  
  53  4:47  Zergling x8  
  53  4:48  Overlord x2  
  57  4:57  Queen  
  56  5:03  Zergling x4  
  58  5:08  Drone  
  58  5:09  Drone x2  
  58  5:11  Extractor  
  58  5:13  Extractor  
  59  5:17  Zergling x8  
  59  5:18  Baneling x4  
  59  5:19  Baneling x4  
  59  5:20  Baneling, Zergling x4  
  59  5:21  Zergling x2  
  66  5:31  Overseer  
  60  5:45  Drone  
  60  5:46  Drone x3  
  64  5:54  Drone x3, Spire  
  64  5:55  Drone  
  67  6:04  Drone x2  
  67  6:07  Drone  
  67  6:08  Drone x3  
  73  6:12  Spine Crawler  
  73  6:16  Spine Crawler  
  73  6:17  Drone x2  
  73  6:19  Spine Crawler  
  72  6:28  Drone  
  73  6:35  Spine Crawler, Overlord x2  
  71  6:45  Drone x3  
  74  6:50  Evolution Chamber  
  73  6:56  Drone x2  
  73  6:57  Drone x2  
  77  7:03  Overlord  
  77  7:04  Overlord  
  77  7:08  Zerg Flyer Armor Level 1  
  77  7:15  Extractor  
  77  7:17  Extractor  
  77  7:19  Mutalisk x4  
  77  7:20  Mutalisk x3  
  89  7:24  Mutalisk x2  
  93  7:30  Drone x3  
  93  7:31  Drone x5  
  98  8:19  Spore Crawler  
  97  8:20  Spore Crawler  
  92  8:51  Spore Crawler  
  92  8:52  Overlord  
  92  8:53  Overlord x5  
  84  9:06  Corruptor x4  
  93  9:24  Spore Crawler  
  93  9:25  Spore Crawler  
  93  9:26  Spore Crawler  
Show
View Real Time Build Order
Export as new Build Order

Roland Zerg 

Build Orders: Pool First 

Get SALT Encoding   

  12  0:00  Drone  
  13  0:09  Drone  
  14  0:20  Extractor  
  14  0:21  Drone  
  15  0:35  Overlord  
  15  0:40  Spawning Pool  
  14  0:53  Drone x3  
  17  0:58  Extractor  
  16  1:05  Drone  
  17  1:16  Drone  
  18  1:27  Queen  
  20  1:37  Drone  
  21  1:43  Hatchery  
  20  1:52  Drone  
  21  2:15  Overlord  
  21  2:22  Roach Warren  
  21  2:25  Queen  
  22  2:47  Drone x4  
  22  2:48  Drone x2  
  28  3:00  Overlord  
  28  3:19  Overlord  
  28  3:21  Roach x3  
  28  3:22  Roach  
  36  3:40  Roach  
  36  3:41  Roach x3  
  44  3:49  Spore Crawler  
  44  3:50  Lair  
  43  4:14  Drone  
  43  4:15  Overlord  
  43  4:16  Overlord x2  
  44  5:04  Roach x8  
  44  5:05  Roach  
  46  5:31  Drone x4  
  51  6:04  Drone x6  
  51  6:05  Drone x3  
  51  6:06  Hatchery  
  51  6:10  Extractor  
  57  6:13  Extractor  
  57  6:49  Hatchery  
  56  7:01  Hydralisk Den  
  55  7:03  Nydus Network  
  54  7:16  Roach x7  
  68  7:25  Evolution Chamber  
  67  7:43  Nydus Canal  
  67  7:50  Overlord x2  
  67  7:51  Overlord  
  67  7:54  Drone  
  67  7:57  Overlord x4  
  38  8:27  Spore Crawler  
  37  8:28  Spore Crawler  
  37  8:34  Spore Crawler  
  35  8:36  Spore Crawler  
  35  8:40  Spore Crawler  
  33  8:45  Spore Crawler  
  33  8:46  Drone x9  
Show
View Real Time Build Order
Export as new Build Order

Massa Terran - Winner!

Build Orders: Hellion Opening 

Get SALT Encoding   

  12  0:00  SCV  
  13  0:13  SCV  
  14  0:21  Supply Depot  
  14  0:25  SCV  
  15  0:30  Refinery  
  15  0:43  SCV  
  15  0:46  Barracks  
  16  0:55  SCV  
  17  1:07  SCV  
  17  1:08  Supply Depot  
  18  1:19  SCV  
  19  1:33  Supply Depot  
  19  1:35  Marine  
  19  1:37  Orbital Command  
  20  1:47  Factory  
  20  1:53  Marine  
  21  2:00  Bunker  
  21  2:07  SCV  
  22  2:34  Factory Reactor  
  22  2:45  Marine, Command Center  
  23  2:53  Refinery  
  23  2:55  SCV  
  25  3:07  SCV  
  25  3:12  Hellion x2  
  29  3:14  Barracks Reactor  
  29  3:19  SCV  
  30  3:31  SCV  
  30  3:33  Hellion  
  30  3:34  Hellion  
  35  3:43  SCV  
  36  3:48  Engineering Bay  
  36  3:51  Marine x2  
  38  3:57  Hellion x2  
  38  3:59  Starport  
  42  4:05  Supply Depot  
  42  4:09  Marine x2  
  44  4:14  Missile Turret  
  44  4:17  Orbital Command  
  44  4:20  Missile Turret  
  43  4:45  Marine x2  
  43  5:03  Marine x2  
  45  5:20  Medivac  
  45  5:21  Marine  
  48  5:30  Widow Mine x2  
  48  5:31  Marine  
  48  5:33  SCV x2  
  55  5:38  Marine  
  55  5:39  Barracks  
  56  5:45  SCV x2  
  56  5:48  Marine  
  59  5:51  Widow Mine  
  59  5:56  Marine  
  62  5:59  Supply Depot  
  62  6:00  Supply Depot  
  62  6:01  Supply Depot  
  62  6:21  Widow Mine x2, SCV, Marine x2  
  62  6:24  Supply Depot  
  67  6:38  Marine  
  64  6:42  Widow Mine x2  
  64  6:43  Marine  
  69  6:52  Barracks Tech Lab  
  69  6:56  Marine  
  69  7:00  SCV x2  
  72  7:01  Marine  
  72  7:02  Refinery, Barracks  
  72  7:03  Barracks  
  73  7:12  SCV x2  
  73  7:14  Factory Tech Lab, Marine  
  76  7:16  Stimpack  
  76  7:17  Marauder  
  78  7:24  SCV  
  78  7:28  SCV, Barracks  
  80  7:36  SCV  
  81  7:38  Marauder  
  83  7:51  Command Center  
  83  7:53  Liberator  
  83  7:55  Refinery  
  83  7:57  Barracks  
  83  7:58  Barracks Reactor, Barracks Tech Lab  
  86  8:00  Marauder  
  86  8:36  Medivac  
  82  8:44  Marauder x2, Marine  
  82  8:45  Marine x2  
  82  8:46  Siege Tank  
  90  8:50  Marine x3  
  90  8:53  Barracks Reactor  
  93  9:00  Armory  
  93  9:02  Marine x3, Engineering Bay  
  93  9:06  Marauder x2  
  93  9:07  Orbital Command  
  93  9:08  SCV x2, Marine x3  
Show
View Real Time Build Order
Export as new Build Order

qqq Zerg - Winner!

Build Orders: Hatch First 

Get SALT Encoding   

  12  0:01  Drone  
  13  0:09  Drone  
  14  0:36  Hatchery  
  14  0:40  Drone  
  14  0:58  Spawning Pool  
  13  1:10  Overlord  
  13  1:11  Drone  
  14  1:27  Extractor, Drone  
  14  1:28  Drone  
  15  1:36  Drone  
  16  1:53  Queen  
  18  1:54  Drone  
  18  1:55  Drone  
  18  1:56  Drone  
  21  2:09  Queen  
  21  2:12  Overlord  
  23  2:16  Drone  
  23  2:20  Drone  
  25  2:26  Drone  
  25  2:27  Drone  
  27  2:30  Drone  
  28  2:40  Drone  
  29  2:45  Lair  
  29  2:48  Extractor, Drone  
  29  2:51  Drone  
  30  2:57  Drone  
  30  2:58  Drone  
  32  3:00  Zergling x2  
  33  3:09  Drone  
  33  3:11  Drone  
  35  3:14  Drone  
  35  3:15  Overlord  
  35  3:19  Metabolic Boost  
  36  3:24  Overlord  
  37  3:34  Drone  
  37  3:35  Zergling x2  
  38  3:44  Drone x4  
  38  3:48  Extractor x2  
  41  3:52  Overlord  
  41  3:53  Zergling x4  
  41  3:55  Drone  
  43  4:05  Drone  
  43  4:06  Drone, Spire  
  44  4:15  Zergling x2  
  44  4:16  Drone  
  46  4:17  Drone, Baneling Nest  
  46  4:19  Zergling x2  
  46  4:22  Zergling x2  
  46  4:23  Zergling x2  
  49  4:28  Zergling x4  
  51  4:33  Zergling x2  
  51  4:34  Zergling x4  
  54  4:38  Zergling x2  
  55  4:46  Zergling x2  
  55  4:48  Drone x3  
  59  4:54  Zergling x2  
  60  5:11  Zergling x2  
  59  5:18  Drone, Zergling x2  
  59  5:19  Drone x2  
  59  5:28  Drone  
  60  5:32  Overlord x3  
  58  5:49  Mutalisk x2  
  58  5:53  Drone x2, Mutalisk  
  66  6:08  Overlord  
  66  6:14  Hatchery, Mutalisk x2, Zerg Flyer Weapons Level 1  
  69  6:25  Mutalisk x3  
  69  6:27  Hatchery  
  74  6:36  Hatchery  
  72  6:45  Mutalisk x3  
  77  6:54  Mutalisk x2  
  77  6:55  Mutalisk  
  77  6:57  Zergling x2  
  84  7:09  Overlord x5  
  84  7:26  Mutalisk  
  84  7:27  Mutalisk  
  84  7:29  Overlord x3  
  88  7:33  Queen  
  90  7:42  Mutalisk  
  91  7:58  Mutalisk x2  
  91  8:00  Zergling x6  
  91  8:01  Drone x2, Zergling x6  
  91  8:02  Drone  
  102  8:08  Mutalisk  
  102  8:09  Drone  
  102  8:10  Drone  
  96  8:20  Spire  
  96  8:23  Drone x4  
  96  8:24  Drone x3  
  102  8:29  Drone  
  103  8:34  Drone x2  
  103  8:35  Drone  
  98  9:10  Drone  
  98  9:11  Drone x7  
  98  9:12  Drone  
  110  9:26  Spine Crawler  
  110  9:28  Spine Crawler  
Tags
 
Add a new tag
Caveats
  • Supply blocks, unpowered buildings, or Contaminate may cause inaccurate times.
  • Supply counts are checked every 10 seconds.